Map: Reclamation LE

Players

Clydeicorn

  • Race: Terran Terran
  • Spawn Location: 5:00

Ricko

  • Race: Terran Terran
  • Spawn Location: 6:00

MattBarry - Winner!

  • Race: Terran Terran
  • Spawn Location: 11:00

MattBarry - Winner!

  • Race: Zerg Zerg
  • Spawn Location: 12:00

VOD

Have the link to the VOD?

Description

Time

  • Played on: Dec. 21, 2022, 1:47 a.m.
  • Length: 9:14
Show
View Real Time Build Order
Export as new Build Order

Clydeicorn Terran 

Build Orders:  

Get SALT Encoding   

  12  0:01  SCV  
  13  0:15  Supply Depot  
  13  0:20  SCV  
  14  0:26  Refinery  
  14  0:42  Barracks  
  14  0:47  SCV  
  15  0:59  SCV  
  16  1:24  Command Center  
  16  1:29  SCV  
  17  1:41  SCV  
  17  1:43  Supply Depot  
  18  1:53  SCV  
  19  1:56  Barracks Reactor  
  19  2:05  SCV  
  20  2:17  SCV  
  20  2:21  Factory  
  21  2:26  Refinery  
  22  2:30  SCV  
  22  2:36  Marine x2  
  24  2:42  SCV  
  24  2:43  SCV  
  26  2:54  Marine, SCV  
  26  2:56  SCV  
  29  3:06  SCV  
  29  3:08  Supply Depot, SCV, Factory Tech Lab  
  31  3:20  Barracks  
  31  3:26  Engineering Bay  
  31  3:32  Siege Tank  
  34  3:42  Orbital Command  
  34  3:45  SCV  
  35  3:57  SCV  
  36  4:03  Starport  
  36  4:04  Terran Infantry Weapons Level 1  
  36  4:22  Widow Mine  
  38  4:27  SCV  
  38  4:31  SCV  
  40  4:36  Barracks Tech Lab  
  40  4:39  SCV  
  40  4:42  Armory  
  40  4:43  Widow Mine, SCV  
  44  4:51  SCV  
  45  4:55  SCV  
  46  5:00  Fusion Core  
  46  5:03  SCV  
  47  5:07  SCV  
  48  5:16  SCV  
  48  5:18  Starport Tech Lab  
  48  5:19  SCV  
  50  5:28  Stimpack  
  50  5:32  SCV  
  50  5:34  SCV  
  52  5:38  Refinery  
  52  5:41  Refinery  
  52  5:44  SCV  
  52  5:46  SCV  
  54  5:53  Supply Depot  
  54  5:55  Supply Depot  
  54  5:56  Supply Depot  
  54  5:57  Supply Depot  
  54  5:58  Terran Infantry Armor Level 1  
  54  6:01  Supply Depot  
  54  6:15  Marine x3, SCV x2  
  59  6:27  SCV  
  59  6:32  Marine x3, Battlecruiser  
  66  6:39  SCV  
  70  6:46  Siege Tank  
  73  6:50  Marine x2  
  73  6:51  Marine  
  73  6:53  Command Center  
  76  6:59  Missile Turret  
  76  7:00  Missile Turret  
  75  7:08  Marine x3  
Show
View Real Time Build Order
Export as new Build Order

Ricko Terran 

Build Orders: Mech 

Get SALT Encoding   

  12  0:01  SCV  
  13  0:13  SCV  
  14  0:18  Supply Depot  
  14  0:25  SCV  
  15  0:39  SCV  
  16  0:45  Barracks  
  16  0:52  SCV  
  17  1:04  SCV  
  18  1:17  SCV  
  19  1:29  SCV  
  20  1:34  Marine  
  20  1:38  Command Center  
  21  1:42  SCV  
  22  1:58  Marine  
  23  2:05  Refinery  
  23  2:07  Refinery  
  23  2:14  Orbital Command  
  22  2:20  Supply Depot  
  22  2:41  Barracks Tech Lab  
  22  2:49  SCV  
  23  2:57  SCV  
  24  3:01  SCV  
  24  3:02  Marauder  
  24  3:04  Stimpack  
  27  3:09  SCV  
  28  3:23  Marine  
  29  3:29  SCV x2  
  31  3:41  Command Center  
  31  3:43  SCV  
  31  3:44  Factory, SCV  
  31  3:45  Marine  
  34  3:56  SCV x2  
  36  4:05  Marine  
  36  4:08  SCV  
  38  4:14  SCV  
  39  4:23  Refinery  
  39  4:27  SCV  
  39  4:28  Refinery  
  39  4:29  Orbital Command  
  40  4:40  Supply Depot, SCV  
  40  4:42  Supply Depot x2, Marine  
  40  4:43  Factory Tech Lab  
  42  4:52  Armory, SCV  
  43  4:55  SCV  
  43  4:59  Factory  
  44  5:04  SCV  
  44  5:05  Siege Tank  
  48  5:07  SCV  
  48  5:09  Marauder  
  51  5:16  SCV  
  51  5:20  Factory  
  52  5:22  SCV  
  52  5:28  SCV  
  54  5:37  Hellion  
  54  5:40  Marine, SCV x2  
  59  5:43  Hellbat  
  61  5:57  Supply Depot  
  61  5:58  Hellbat, Marine  
  61  5:59  Supply Depot x2, SCV x2  
  61  6:01  Supply Depot  
  66  6:06  Factory Reactor  
  66  6:12  SCV x2  
  66  6:13  SCV  
  69  6:19  Thor  
  69  6:20  Supply Depot  
  75  6:35  SCV x3  
  78  6:41  Terran Vehicle Weapons Level 1  
  78  6:46  Hellion x2  
  82  6:47  SCV  
  82  6:52  Thor  
  82  6:53  SCV x2  
  91  6:59  Supply Depot, SCV  
  92  7:01  Supply Depot  
  92  7:03  Supply Depot  
  92  7:12  Orbital Command  
  92  7:13  SCV x2  
  94  7:15  Marine  
  94  7:17  Thor  
  101  7:25  SCV  
  91  7:48  SCV x3  
  91  7:49  Marine  
  89  7:54  Hellion x2  
  92  8:00  Thor  
  98  8:07  Marine  
  99  8:15  Hellion  
  99  8:19  SCV x2  
  103  8:20  SCV  
  103  8:25  Marine  
  105  8:42  Marine  
  105  8:46  Hellion x2  
Show
View Real Time Build Order
Export as new Build Order

MattBarry Terran - Winner!

Build Orders:  

Get SALT Encoding   

  12  0:00  SCV  
  13  0:12  SCV  
  14  0:17  Supply Depot  
  14  0:24  SCV  
  15  0:39  SCV  
  15  0:41  Barracks  
  16  0:51  SCV  
  17  1:03  SCV  
  18  1:15  SCV  
  19  1:28  Orbital Command, Marine  
  20  1:33  Command Center  
  20  1:35  Refinery  
  20  1:46  Marine  
  21  1:59  SCV  
  22  2:05  Marine  
  22  2:06  Refinery  
  23  2:11  Barracks  
  23  2:18  Supply Depot  
  23  2:39  Marine, SCV  
  23  2:41  Factory  
  25  2:45  Orbital Command  
  25  2:51  SCV  
  25  2:57  Barracks Tech Lab  
  26  2:58  Barracks Reactor  
  26  3:05  SCV  
  27  3:14  SCV  
  27  3:17  SCV  
  27  3:18  Refinery  
  29  3:20  Stimpack  
  29  3:22  Marauder  
  31  3:31  SCV x2  
  33  3:35  Supply Depot  
  33  3:38  Marine x2  
  35  3:41  Starport  
  35  3:43  Factory Reactor  
  35  3:48  Barracks  
  35  3:52  Barracks  
  35  3:56  SCV x2  
  37  4:07  Marine x2  
  37  4:08  Marauder  
  41  4:29  Engineering Bay  
  41  4:32  SCV x2, Engineering Bay  
  41  4:33  Marine x2  
  41  4:34  Marauder  
  41  4:38  Medivac x2  
  51  4:43  Supply Depot  
  51  4:49  Supply Depot  
  51  4:52  SCV  
  52  4:53  SCV  
  53  5:00  Barracks Tech Lab, Combat Shield  
  53  5:01  Barracks Reactor  
  53  5:05  Marine x2  
  55  5:09  Supply Depot  
  55  5:17  SCV x2  
  57  5:29  SCV x2  
  57  5:31  Command Center  
  57  5:34  Marine x2  
  61  5:36  Marauder  
  61  5:42  SCV x2  
  65  5:48  Refinery  
  65  5:58  Marine x4  
  65  5:59  Marauder x2  
  73  6:05  SCV x2  
  75  6:13  Supply Depot  
  75  6:14  Supply Depot  
  75  6:23  Marine x4  
  75  6:24  Marauder x2  
  83  6:27  Medivac  
  85  6:34  Medivac  
  85  6:38  Terran Infantry Weapons Level 1  
  85  6:39  Terran Infantry Armor Level 1  
  87  6:42  Marine x4  
  87  6:46  Marauder x2  
  91  7:18  Marine x3  
  91  7:19  Marauder x2  
  98  7:25  Medivac x2  
  94  7:53  Marine x2  
  94  7:54  Marine x2  
  94  7:55  Marauder x2, Medivac x2  
  94  7:56  SCV x2  
  94  7:57  Orbital Command  
  106  8:07  Supply Depot  
  106  8:08  Supply Depot  
  106  8:09  Supply Depot, Command Center  
  100  8:44  Marine x4  
  100  8:45  Marauder x2  
  109  9:11  Barracks  
  109  9:13  Barracks x2  
Show
View Real Time Build Order
Export as new Build Order

MattBarry Zerg - Winner!

Build Orders: Pool First 

Get SALT Encoding   

  12  0:03  Drone  
  13  0:15  Overlord  
  13  0:17  Drone  
  14  0:34  Spawning Pool  
  13  0:44  Drone  
  13  0:47  Drone  
  15  0:54  Drone  
  16  0:57  Extractor  
  16  0:58  Drone  
  16  1:18  Hatchery  
  15  1:25  Drone  
  16  1:33  Queen  
  18  1:43  Drone  
  18  1:44  Drone  
  20  1:49  Overlord  
  20  1:59  Drone  
  21  2:06  Overlord  
  21  2:17  Queen  
  21  2:20  Drone  
  24  2:27  Drone  
  25  2:36  Queen  
  27  2:41  Drone  
  28  2:51  Roach Warren  
  27  3:07  Drone x3  
  27  3:08  Drone  
  31  3:18  Drone  
  31  3:19  Drone  
  33  3:20  Zergling x2  
  34  3:39  Drone x4  
  34  3:40  Drone  
  39  3:44  Extractor  
  38  3:50  Lair  
  38  3:52  Metabolic Boost  
  38  3:54  Roach  
  40  3:56  Roach  
  40  3:57  Zergling x2  
  43  4:04  Extractor  
  43  4:07  Drone x2  
  43  4:09  Overlord x2  
  44  4:27  Spine Crawler  
  43  4:31  Spine Crawler  
  42  4:40  Roach  
  42  4:41  Roach, Drone  
  42  4:42  Drone x2  
  49  4:48  Glial Reconstitution  
  49  4:58  Evolution Chamber  
  48  5:04  Evolution Chamber  
  47  5:25  Zergling x4, Drone x2  
  47  5:26  Zergling x2  
  47  5:27  Roach x4  
  60  5:31  Zerg Missile Weapons Level 1  
  60  6:00  Hatchery  
  59  6:06  Spore Crawler  
  59  6:10  Queen, Hatchery  
  59  6:12  Overlord  
  59  6:13  Overlord  
  59  6:16  Extractor  
  58  6:19  Drone x2  
  60  6:36  Roach x3  
  66  6:44  Zerg Ground Armor Level 1  
  66  7:00  Roach x2, Overlord  
  66  7:01  Overlord  
  70  7:02  Roach  
  72  7:16  Roach  
  72  7:17  Roach x4  
  82  7:41  Drone x2  
  82  7:42  Drone x3  
  87  8:24  Drone  
  87  8:25  Roach x3, Overlord  
  87  8:26  Roach, Overlord x2  
  100  8:27  Roach x3  
  100  8:33  Infestation Pit  
  101  8:48  Spire  
Tags
 
Composition
Mech
Opening
Pool First
Replay Pack
Multiplayer
Add a new tag
Caveats
  • Supply blocks, unpowered buildings, or Contaminate may cause inaccurate times.
  • Supply counts are checked every 10 seconds.